 Dungeon Crawl Stone Soup version 0.28-a0-1435-g82390b3a13 (webtiles) character file.

Game seed: 10226302522928298183

417 Hasart the Skirmisher (level 6, -5/67 HPs)
             Began as an Ogre Fighter on Jan 9, 2022.
             Was a Follower of Dithmenos.
             Slain by an ogre (9 damage)
             ... on level 4 of the Dungeon.
             The game lasted 00:06:39 (3965 turns).

Hasart the Skirmisher (Ogre Fighter)                Turns: 3965, Time: 00:06:40

Health: -5/67      AC:  3    Str: 23    XL:     6   Next: 92%
Magic:  6/6        EV:  9    Int:  9    God:    Dithmenos [*.....]
Gold:   111        SH:  7    Dex:  8    Spells: 5/5 levels left

rFire   . . .      SeeInvis .   a - +0 war axe
rCold   . . .      Faith    .   c - +0 kite shield
rNeg    . . .      Spirit   .   b - +0 robe
rPois   .          Reflect  .   (helmet restricted)
rElec   .          Harm     .   (no cloak)
rCorr   .          Rampage  .   (gloves unavailable)
Will    .....                   (boots unavailable)
Stlth   +.........              (no amulet)
HPRegen 0.21/turn               (no ring)
MPRegen 0.10/turn               (no ring)

@: wreathed by umbra
A: large, unfitting armour, tough skin 1
a: Renounce Religion


You were on level 4 of the Dungeon.
You worshipped Dithmenos.
Dithmenos was aware of your devotion.
You visited 1 branch of the dungeon, and saw 4 of its levels.
You also visited: Sewer.

You collected 111 gold pieces.

Inventory:

Hand Weapons
 a - a +0 war axe (weapon)
Armour
 b - a +0 robe (worn)
 c - a +0 kite shield (worn)
Scrolls
 f - 2 scrolls of enchant armour {unknown}
 i - 3 scrolls of fog {unknown}
 j - a scroll of enchant weapon {unknown}
 k - a scroll of summoning {unknown}
 l - a scroll of identify {unknown}
 m - 2 scrolls of vulnerability {unknown}
 n - 3 scrolls of teleportation {unknown}
Potions
 d - a potion of might
 e - a potion of flight {unknown}
 g - a potion of heal wounds {unknown}
 h - a potion of mutation {unknown}
 o - a potion of lignification {unknown}
 p - a potion of degeneration {unknown}
 q - a potion of curing {unknown}


   Skills:
 + Level 5.6 Fighting
 * Level 4.8 Axes
 + Level 3.8 Dodging
 + Level 3.8 Shields


You had 5 spell levels left.
You didn't know any spells.
Your spell library contained the following spells:

 Spells                   Type           Power      Damage    Failure   Level
 Sting                    Tmut/Pois      0%         1d3       67%         1
 Poisonous Vapours        Pois/Air       0%         N/A       82%         2
 Scorch                   Fire           0%         2d5       82%         2
 Gell's Gravitas          Tloc           0%         N/A       96%         3
 Lesser Beckoning         Tloc           0%         N/A       96%         3
 Teleport Other           Tloc           0%         N/A       96%         3
 Flame Wave               Conj/Fire      0%         2d4       100%        4
 Olgreb's Toxic Radiance  Pois           0%         N/A       100%        4
 Summon Cactus Giant      Summ           0%         N/A       100%        6


Dungeon Overview and Level Annotations

Branches:
Dungeon (4/15)              Sewer (visited)
 Temple: D:4-7

Altars:
Dithmenos

Annotations:
D:4 Pikel


Innate Abilities, Weirdness & Mutations

You are too large for most types of armour.
You have tough skin. (AC +1)


Message History

You closely miss the adder. The adder completely misses you.
A goblin comes into view. It is wielding a +0 dagger.
The adder closely misses you.
You barely miss the adder. The adder closely misses you.
The adder bites you but does no damage.
You closely miss the adder. The adder closely misses you.
You completely miss the adder. The adder bites you.
You block the adder's attack.
You barely miss the adder. The adder bites you. The adder barely misses you.
You slash the adder!
You kill the adder!
Dithmenos accepts your kill.
The goblin shouts!
You see here a scroll labelled XIROSY YROTON.
You block the goblin's attack.
You slash the goblin!
You kill the goblin!
Dithmenos accepts your kill.
n - 3 scrolls labelled XIROSY YROTON (gained 1)
There is a stone staircase leading up here.
You start resting.
An ogre is nearby!
An ogre is nearby!
The ogre shouts!
You barely miss the ogre.
The ogre hits you with a +0 giant club!!
You hit the ogre.
The ogre is lightly wounded.
You block the ogre's attack.
You slash the ogre!
The ogre is moderately wounded.
The ogre hits you with a +0 giant club!! x2
* * * LOW HITPOINT WARNING * * *
You hit the ogre.
The ogre is heavily wounded.
The ogre misses you.
You slash the ogre!
The ogre is almost dead.
The ogre hits you with a +0 giant club!
You die...

... ## ... +. ....
#. .....#. .....#.
.......#############
....................
....>.).....@O.....:
......(..<...#######
###.......(..#
.............#
.............#
.............#
.............#
###..........#
#..........#


You could see an ogre.

Vanquished Creatures
  A black bear (D:3)
  A bullfrog (Sewer)
  Jessica (D:3)
  An iguana (D:4)
  An orc wizard (D:3)
  6 adders
  A river rat (D:3)
  5 worms
  A dart slug (D:3)
  3 orcs (D:3)
  5 bats
  9 endoplasms
  11 giant cockroaches
  4 goblins
  9 hobgoblins
  7 kobolds
  11 quokkas
  11 ball pythons
  6 frilled lizards
  6 rats
100 creatures vanquished.

Vanquished Creatures (others)
  2 plants (D:1)
2 creatures vanquished.

Grand Total: 102 creatures vanquished

Notes
Turn   | Place    | Note
-------+----------+-------------------------------------------
     0 | D:1      | Hasart the Ogre Fighter began the quest for the Orb.
     0 | D:1      | Reached XP level 1. HP: 24/24 MP: 1/1
   234 | D:1      | Reached XP level 2. HP: 32/32 MP: 2/2
   613 | D:1      | You fall into a shaft and drop 1 floor!
   780 | D:2      | Reached XP level 3. HP: 37/40 MP: 3/3
  1376 | D:2      | Noticed Jessica
  1622 | D:2      | Reached XP level 4. HP: 43/49 MP: 4/4
  2441 | D:3      | Reached XP level 5. HP: 12/55 MP: 5/5
  2490 | D:3      | Killed Jessica
  2497 | D:3      | Found a glowing drain.
  2657 | Sewer    | Entered a sewer
  2756 | Sewer    | Reached skill level 5 in Fighting
  3232 | Sewer    | Reached XP level 6. HP: 64/66 MP: 6/6
  3282 | Sewer    | Identified the +5 scale mail "Xuru" {Int+6}
  3702 | D:3      | Found a faded altar of an unknown god.
  3702 | D:3      | Noticed a black bear
  3708 | D:3      | Killed a black bear
  3715 | D:3      | Prayed at the altar of an unknown god.
  3715 | D:3      | Became a worshipper of Dithmenos the Shadowed
  3715 | D:3      | Reached * piety under Dithmenos
  3815 | D:4      | Noticed Pikel
  3963 | D:4      | HP: 3/67 [ogre (21)]
  3965 | D:4      | Slain by an ogre

Illustrated notes

Levels and vault maps discovered:
D:1:      lightli_molten_gateway, layout_basic, serial_forest,
          infiniplex_forest_corner_1, infiniplex_forest_end_3,
          infiniplex_forest_join, infiniplex_forest_clump_medium,
          infiniplex_forest_straight_2
D:2:      layout_basic, minmay_misc_feat_tiny, uniq_jessica
D:3:      layout_rooms, gup_sewer_entry_bowl,
          shapermc_ecumenical_altar_notcrosses
D:4:      layout_basic, minmay_temple_entry_drinking_statues,
          gammafunk_ghost_nasty_kobolds, guppyfry_shop_venom, uniq_pikel

Skill      XL: |  1  2  3  4  5 |
---------------+----------------+-----
Dodging        | 3 |  3.8
Shields        | 3 |  3.8
Axes           | 3 4 |  4.8
Fighting       | 5 |  5.6

Action                   |  1- 3 |  4- 6 || total
-------------------------+-------+-------++-------
Melee: War axe           |   120 |   208 ||   328
 Stab: Sleeping          |     1 |       ||     1
Armor: Robe              |    35 |    60 ||    95
Dodge: Dodged            |    43 |    79 ||   122
Block: Kite shield       |    32 |    74 ||   106

Table legend: (Time is in decaauts)
 A = Elapsed time spent in this place.
 B = Non-inter-level travel time spent in this place.
 C = Inter-level travel time spent in this place.
 D = Time resting spent in this place.
 E = Time spent auto-exploring this place.
 F = Levels seen in this place.
 G = Mean time per level.
                   A        B        C        D        E       F      G
               +--------+--------+--------+--------+--------+-----+--------+
         Total |   4175 |   4084 |     91 |    615 |   2504 |   5 |  835.0 |
       Dungeon |   3472 |   3381 |     91 |    461 |   2199 |   4 |  868.0 |
         Sewer |    702 |    702 |      0 |    154 |    305 |   1 |  702.0 |
               +--------+--------+--------+--------+--------+-----+--------+

Top non-repeatable levels by time:
     D:2: 1284 daAuts
     D:1: 1071 daAuts
     D:3: 980 daAuts
   Sewer: 702 daAuts
     D:4: 136 daAuts
